 Dungeon Crawl Stone Soup version 0.24.0-123-gd5b16e6ec5 (webtiles) character file.

Game seed: 9294060482233943961, levelgen mode: deterministic

10910 pwnd the Spear-Bearer (level 11, 0/78 HPs)
             Began as a Merfolk Skald on Jan 23, 2020.
             Was a Believer of Hepliaklqana.
             Killed by vampiric draining
             ... invoked by Josephine
              (9 damage)
             ... on level 10 of the Dungeon.
             The game lasted 00:40:35 (16545 turns).

pwnd the Spear-Bearer (Merfolk Skald)              Turns: 16545, Time: 00:40:36

Health: 0/78       AC: 21    Str: 15    XL:     11   Next: 69%
Magic:  14/14      EV:  6    Int: 13    God:    Hepliaklqana [**....]
Gold:   876        SH:  5    Dex: 13    Spells: 8/14 levels left

rFire    . . .     SeeInvis .   b - +1 trident (venom)
rCold    + . .     Gourm    .   y - +0 buckler
rNeg     . . .     Faith    +   j - +0 plate armour
rPois    .         Spirit   .   (no helmet)
rElec    .         Reflect  .   f - +0 cloak (curse)
rCorr    .         Harm     .   (no gloves)
MR       .....                  i - +0 pair of boots
Stlth    ..........             J - amulet of faith
HPRegen  0.23/turn              E - ring of protection from cold
MPRegen  0.14/turn              u - +5 ring of protection

@: lethally poisoned (0 -> -1)
A: change form in water, swift swim, stealthy swim, reduced essence
a: Recall Ancestor, Ancestor Identity, Renounce Religion


You were on level 10 of the Dungeon.
You worshipped Hepliaklqana.
Hepliaklqana was pleased with you.
You were not hungry.

You visited 2 branches of the dungeon, and saw 11 of its levels.
You also visited: Bailey.

You collected 876 gold pieces.

Inventory:

Hand Weapons
 a - a +4 trident of protection
 b - a +1 trident of venom (weapon)
 x - a +0 war axe of freezing
 N - a +1 spear
Missiles
 l - 44 poisoned darts (quivered)
 t - a throwing net
 v - 59 boomerangs
Armour
 e - a +0 ring mail
 f - a cursed +0 cloak (worn)
 i - a +0 pair of boots (worn)
 j - a +0 plate armour (worn)
 r - a +0 chain mail
 y - a +0 buckler (worn)
 Q - a +0 leather armour
Jewellery
 u - a +5 ring of protection (right hand)
 B - an uncursed ring of positive energy
 E - a ring of protection from cold (left hand)
 G - an uncursed ring of fire
 J - an amulet of faith (around neck)
Wands
 h - a wand of random effects (17)
 n - a wand of iceblast (9)
 L - a wand of paralysis (5)
 O - a wand of acid (7)
Scrolls
 c - 2 scrolls of amnesia
 w - 4 scrolls of teleportation
 z - 2 scrolls of noise
 D - 2 scrolls of summoning {unknown}
 F - a scroll of blinking {unknown}
 H - 2 scrolls of fear {unknown}
 I - a scroll of remove curse
 K - a scroll of fog
 M - a scroll of identify
 R - a scroll of silence {unknown}
Potions
 g - 4 potions of cancellation
 k - 3 potions of flight
 m - 2 potions of agility
 o - a potion of resistance
 p - 2 potions of curing
 q - a potion of brilliance
 s - a potion of mutation
 A - a potion of heal wounds {unknown}
 C - a potion of ambrosia
Comestibles
 d - 16 rations
 P - 2 chunks of flesh


   Skills:
 + Level 8.3 Fighting
 + Level 13.8 Polearms
 + Level 5.9 Throwing
 * Level 8.2 Armour
 - Level 2.6 Dodging
 + Level 4.9 Shields
 + Level 2.1 Spellcasting
 + Level 3.8 Charms


You had 8 spell levels left.
You knew the following spells:

 Your Spells              Type           Power        Failure   Level  Hunger
a - Infusion              Chrm           ##..         93%         1    ##.....
b - Song of Slaying       Chrm           ##......     98%         2    ###....
c - Regeneration          Chrm/Necr      #.........   100%        3    ####...

Your spell library contained the following spells:

 Spells                   Type           Power        Failure   Level  Hunger
 Corona                   Hex            #......      100%        1    ##.....
 Flame Tongue             Conj/Fire      #....        100%        1    ##.....
 Magic Dart               Conj           #...         100%        1    ##.....
 Blink                    Tloc           N/A          100%        2    ###....
 Call Imp                 Summ           #.......     100%        2    ###....
 Searing Ray              Conj           #.....       100%        2    ###....
 Shroud of Golubria       Chrm/Tloc      #.....       100%        2    ###....
 Slow                     Hex            #.......     100%        2    ###....
 Conjure Flame            Conj/Fire      #.......     100%        3    ####...
 Dazzling Spray           Conj/Hex       #.....       100%        3    ####...
 Inner Flame              Hex/Fire       #.......     100%        3    ####...
 Mephitic Cloud           Conj/Pois/Air  #.......     100%        3    ####...
 Portal Projectile        Hex/Tloc       #.....       100%        3    ####...
 Spectral Weapon          Hex/Chrm       #.......     100%        3    ####...
 Cause Fear               Hex            #.........   100%        4    #####..
 Force Lance              Conj/Tloc      #.......     100%        4    #####..
 Fulminant Prism          Conj/Hex       #.........   100%        4    #####..
 Iskenderun's Mystic Bla  Conj           #.......     100%        4    #####..
 Leda's Liquefaction      Hex/Erth       #.........   100%        4    #####..
 Bolt of Fire             Conj/Fire      #.........   100%        6    #######
 Dragon Form              Tmut           #.........   100%        7    #######
 Dragon's Call            Summ           #.........   100%        9    #######


Dungeon Overview and Level Annotations

Branches:
Dungeon (10/15)            Temple (1/1) D:6            Lair (0/6) D:10
 Bailey (visited)
    Orc: D:9-12

Altars:
Ashenzari
Cheibriados
Dithmenos
Elyvilon
Fedhas
Gozag
Hepliaklqana
Kikubaaqudgha
Makhleb
Nemelex Xobeh
Okawaru
Qazlal
Ru
Sif Muna
Trog
Uskayaw
Vehumet
Wu Jian
Xom
Yredelemnul
Zin
The Shining One

Shops:
D:10 (

Annotations:
D:2 exclusion: downstairs
D:3 exclusion: downstairs
D:5 exclusion: 2 downstairs
D:6 exclusion: ancestor
D:8 exclusion: downstairs
D:9 1 runed translucent door, Esos's ghost, novice DgIE
D:10 exclusion: oklob plant, Josephine


Message History

Josephine is almost dead.
Josephine is infused with unholy energy.
* * * LOW HITPOINT WARNING * * *
Josephine draws life force from you and is healed!
The wraith barely misses Friðuswiþ.
Friðuswiþ hits Josephine with a +0 dagger of draining.
The wraith hits Friðuswiþ!
Evoke which item? (* to show all) (? for menu, Esc to quit)
Aiming: Corrosive Bolt
Press: ? - help, Shift-Dir - straight line, f/p - Josephine
Aim: Josephine, wielding a +0 dagger and wearing a +2 robe of cold resistance (severely wounded, poisoned, covered in acid)
The bolt of acid misses Josephine.
You feel sick.
Josephine barely misses Friðuswiþ.
The wraith hits Friðuswiþ.
The wraith hits Friðuswiþ!
Friðuswiþ is destroyed!
Josephine shouts!
You puncture Josephine!
Josephine looks as sick as possible!
Josephine is almost dead.
Josephine is infused with unholy energy.
You die...

###.### ....# #8...8#
#...# ###.### ...#
#8...8# ##..#
###.#####...# #.
#...####...###...
#..........#..... .
##....(W..........
...#....@.W##........
........@###.(..####.
........(.((@..##
......)........#
.......###....^#
....... ###....#
......# ##.....
#....# #...... ##...
#..###.


You could see Josephine and 2 wraiths.

Vanquished Creatures
  A two-headed ogre (D:10)
  2 orc knights (Bailey)
  A cyclops (D:9)
  3 trolls
  2 hippogriffs
  A wraith (D:10)
  12 yaks
  A hungry ghost (D:9)
  2 steam dragons
  Menkaure (D:6)
  A water moccasin (D:10)
  A sky beast (D:8)
  9 orc warriors
  2 black bears
  6 centaurs
  6 ogres
  A crocodile (D:6)
  2 big kobolds
  2 bullfrogs
  3 scorpions
  A killer bee (D:9)
  3 howler monkeys
  2 centaur zombies
  4 crimson imps
  2 bullfrog zombies
  4 hounds
  2 quasits
  5 bullfrog skeletons
  4 orc priests
  2 jellies
  5 orc wizards
  2 iguanas
  6 worker ants
  A killer bee zombie (D:8)
  A hound zombie (D:10)
  3 hound skeletons
  A worker ant zombie (D:7)
  7 gnolls
  A howler monkey skeleton (D:9)
  10 adders
  A shadow imp (D:9)
  An ooze (D:3)
  3 adder skeletons
  An adder zombie (D:7)
  5 worms
  5 dart slugs
  8 leopard geckos
  36 orcs
  4 bats
  6 giant cockroaches
  11 goblins
  13 hobgoblins
  9 jackals
  5 quokkas
  A ball python (D:1)
  7 frilled lizards
  24 kobolds
  A leopard gecko zombie (D:5)
  A quokka skeleton (D:4)
  7 rats
274 creatures vanquished.

Vanquished Creatures (collateral kills)
  Joseph (D:8)
  A wraith (D:10)
  A black bear (D:9)
  An eye of draining (D:9)
  2 ogres (D:7)
  A bullfrog (D:10)
  A scorpion (D:8)
  A jelly (D:9)
  2 hounds
  An orc priest (D:9)
  A centaur skeleton (D:9)
  An iguana (D:10)
  3 worker ants
  A hound zombie (D:8)
  A worker ant zombie (D:8)
  An adder (D:7)
  A shadow imp (D:9)
  An ooze (D:7)
  6 orcs
  3 hobgoblins (Bailey)
  A quokka (D:7)
  7 kobolds
  A quokka skeleton (D:9)
40 creatures vanquished.

Vanquished Creatures (others)
  3 hexers (D:10)
  9 ancestors
  An orc (D:10)
  5 plants (D:9)
18 creatures vanquished.

Grand Total: 332 creatures vanquished

Notes
Turn   | Place    | Note
-------+----------+-------------------------------------------
     0 | D:1      | pwnd the Merfolk Skald began the quest for the Orb.
     0 | D:1      | Reached XP level 1. HP: 16/16 MP: 3/3
   396 | D:1      | Reached XP level 2. HP: 16/22 MP: 5/5
   405 | D:1      | Reached skill level 1 in Armour
   823 | D:1      | Reached XP level 3. HP: 24/27 MP: 6/6
   935 | D:1      | Learned a level 2 spell: Song of Slaying
  1491 | D:2      | Reached skill level 4 in Polearms
  1794 | D:2      | Reached XP level 4. HP: 29/34 MP: 3/7
  1829 | D:2      | Learned a level 3 spell: Regeneration
  2055 | D:2      | Found a white marble altar of Elyvilon.
  2150 | D:2      | Found a glowing silver altar of Zin.
  2154 | D:2      | Found a bloodstained altar of Trog.
  2154 | D:2      | Found a sacrificial altar of Ru.
  3658 | D:3      | Reached XP level 5. HP: 38/39 MP: 8/8
  3706 | D:3      | Reached skill level 5 in Polearms
  4554 | D:4      | Reached skill level 6 in Polearms
  4554 | D:4      | Reached XP level 6. HP: 44/46 MP: 9/9
  4872 | D:4      | Reached skill level 1 in Throwing
  5275 | D:5      | Entered Level 5 of the Dungeon
  5947 | D:5      | Noticed a hippogriff
  6414 | D:5      | Reached XP level 7. HP: 48/51 MP: 10/10
  7128 | D:5      | Reached skill level 7 in Polearms
  7320 | D:6      | Noticed a yak
  7320 | D:6      | Noticed a yak
  7322 | D:6      | Noticed a yak
  7323 | D:6      | Noticed a yak
  7371 | D:5      | Killed a yak
  7551 | D:6      | Noticed a yak
  7553 | D:6      | Noticed a yak
  7578 | D:5      | Killed a yak
  7639 | D:5      | Killed a yak
  7639 | D:5      | Reached skill level 8 in Polearms
  7639 | D:5      | Reached XP level 8. HP: 37/58 MP: 11/11
  7651 | D:5      | Reached skill level 1 in Shields
  7841 | D:6      | Noticed Menkaure
  7855 | D:6      | Killed Menkaure
  8063 | D:6      | Killed a yak
  8063 | D:6      | Reached skill level 9 in Polearms
  8088 | D:5      | Killed a yak
  8233 | D:6      | Killed a yak
  8531 | D:6      | Reached XP level 9. HP: 40/66 MP: 12/12
  8768 | D:6      | Reached skill level 5 in Armour
  8937 | D:6      | Reached skill level 10 in Polearms
  9139 | D:6      | Found a staircase to the Ecumenical Temple.
  9154 | Temple   | Entered the Ecumenical Temple
  9263 | Temple   | Became a worshipper of Hepliaklqana the Forgotten
  9754 | D:7      | Reached skill level 5 in Fighting
 10294 | D:7      | Reached skill level 11 in Polearms
 11006 | D:8      | Noticed Joseph
 11038 | D:8      | Killed Joseph
 11038 | D:8      | Reached skill level 5 in Throwing
 11038 | D:8      | Reached XP level 10. HP: 51/68 MP: 13/13
 11238 | D:8      | Found a flagged portal.
 11246 | Bailey   | Entered a bailey
 11415 | Bailey   | Noticed an orc knight
 11453 | Bailey   | Killed an orc knight
 11598 | Bailey   | Noticed an orc knight
 11696 | Bailey   | Killed an orc knight
 11696 | Bailey   | Reached skill level 12 in Polearms
 11869 | Bailey   | Got an iridescent rapier
 11870 | Bailey   | Identified the +1 rapier "Peiha" {flame, Int+4} (You found
                  | it in a bailey)
 12130 | D:8      | Reached * piety under Hepliaklqana
 12728 | D:9      | Found a runed translucent door.
 12729 | D:9      | Noticed Esos's ghost (novice DgIE)
 12730 | D:9      | Identified the cursed +2 spear "Lacertilianslayer" {pierce,
                  | rF+}
 13512 | D:9      | Reached XP level 11. HP: 46/75 MP: 14/14
 13551 | D:9      | Noticed a cyclops
 13574 | D:9      | Killed a cyclops
 13574 | D:9      | Reached skill level 13 in Polearms
 14102 | D:9      | Reached ** piety under Hepliaklqana
 15174 | D:9      | Remembered your ancestor Friðuswiþ as a hexer
 15200 | D:10     | Entered Level 10 of the Dungeon
 15234 | D:10     | Noticed Josephine
 15644 | D:10     | Noticed a two-headed ogre
 15665 | D:10     | Killed a two-headed ogre
 15996 | D:10     | Found Ypnian's Antique Weapon Shoppe.
 16081 | D:10     | Found a staircase to the Lair.
 16081 | D:10     | Noticed an oklob plant
 16545 | D:10     | Killed from afar by Josephine

Levels and vault maps discovered:
D:1:      dpeg_arrival_rhombi, layout_basic, minmay_tetromino_l4
D:2:      layout_loops_ring, grunt_temple_overflow_open
D:3:      layout_basic, serial_park_tiny_pond, chequers_mini_garden
D:4:      layout_basic
D:5:      layout_basic, first_ration, dk_noncrumbling_2
D:6:      layout_loops_ring, temple_fountains, grunt_ministairs_5, uniq_menkaure
D:7:      layout_rooms, grunt_ogre_cave
D:8:      layout_basic, enter_bailey_2, sigmund_army, uniq_joseph
D:9:      cheibrodos_ideogram_h, layout_gridville, ebering_ghost_funeral_grove,
          minmay_radiant
D:10:     layout_layer_cave, dpeg_oklobed_lair, serial_shops, shop,
          minmay_misc_feat_hallway, uniq_josephine
Temple:   hc_temple_tempest_star

Skill      XL: |  1  2  3  4  5  6  7  8  9 10 11 |
---------------+----------------------------------+-----
Armour         | 1 2 3 4 6 7 8 |  8.2
Polearms       | 4 6 8 9 11 12 13 | 13.8
Throwing       | 1 2 3 5 |  5.9
Fighting       | 3 4 5 7 8 |  8.3
Shields        | 1 2 4 |  4.9
Dodging        | |  2.6
Spellcasting   | |  2.1
Charms         | |  3.8

Action                   |  1- 3 |  4- 6 |  7- 9 | 10-12 || total
-------------------------+-------+-------+-------+-------++-------
Melee: Spear             |   162 |   484 |   560 |   389 ||  1595
       Trident           |       |       |       |   401 ||   401
       Tailslap          |       |       |       |     4 ||     4
Throw: Dart              |       |    42 |    71 |    23 ||   136
       Boomerang         |       |     3 |     4 |       ||     7
 Cast: Infusion          |     1 |       |       |       ||     1
Invok: Recall Ancestor   |       |       |     2 |     1 ||     3
       Ancestor Life: He |       |       |       |     1 ||     1
Evoke: Wand              |       |       |       |     4 ||     4
  Use: Scroll            |       |       |     6 |    12 ||    18
       Potion            |       |       |     5 |     1 ||     6
 Stab: Distracted        |       |       |     4 |     5 ||     9
       Confused          |       |       |       |     1 ||     1
  Eat: Chunk             |     3 |    15 |     7 |    19 ||    44
       Ration            |       |       |     2 |       ||     2
Armor: Leather armour    |     8 |       |       |       ||     8
       Ring mail         |    28 |    27 |       |       ||    55
       Chain mail        |       |   140 |   175 |    59 ||   374
       Plate armour      |       |       |       |   198 ||   198
Dodge: Dodged            |    53 |   157 |   108 |   104 ||   422
Block: Buckler           |       |    11 |    59 |    93 ||   163
